 Dungeon Crawl Stone Soup version 0.27-a0-54-g64bdb92e38 (webtiles) character file.

Game seed: 16116617858000970807

8771 robertstho the Quickloader (level 11, -2/74 HPs)
             Began as a Kobold Hunter on Jan 7, 2021.
             Was an Elder of Okawaru.
             Slain by a vampire (4 damage)
             ... on level 9 of the Dungeon.
             The game lasted 00:21:23 (12110 turns).

robertstho the Quickloader (Kobold Hunter)         Turns: 12110, Time: 00:21:24

Health: -2/74      AC: 25    Str: 12    XL:     11   Next: 62%
Magic:  15/15      EV:  4    Int: 13    God:    Okawaru [****..]
Gold:   541        SH:  0    Dex: 16    Spells: 10/10 levels left

rFire    + . .     SeeInvis .   m - +0 short sword (flame)
rCold    + . .     Faith    .   f - +2 buckler {reflect}
rNeg     . . .     Spirit   .   Q - +1 gold dragon scales
rPois    +         Reflect  +   (no helmet)
rElec    .         Harm     .   H - +0 cloak
rCorr    .         Rampage  .   (no gloves)
Will     .....     Rnd*Rage +   x - +0 pair of boots
Stlth    ..........             (no amulet)
HPRegen  0.22/turn              g - +4 ring of protection
MPRegen  0.14/turn              J - ring of flight

@: confused, heroism, berserk cooldown, slowed, studying Unarmed Combat, very
slow
A: small, berserk 1, blink, nightstalker 3
a: Blink, Renounce Religion, Evoke Flight, Heroism


You were on level 9 of the Dungeon.
You worshipped Okawaru.
Okawaru was greatly pleased with you.
You visited 2 branches of the dungeon, and saw 10 of its levels.
You also visited: Bailey.

You collected 743 gold pieces.
You spent 202 gold pieces at shops.

Inventory:

Hand Weapons
 a - a +1 hand crossbow
 m - a +0 short sword of flaming (weapon)
 r - a +1 dagger of venom
Missiles
 d - 42 bolts
Armour
 f - a +2 buckler of reflection (worn)
 x - a +0 pair of boots (worn)
 H - a +0 cloak (worn)
 P - the -3 pair of gloves "Jaler" {*Slow rC+ Dex+2}
   (You found it in a bailey)

   It affects your dexterity (+2).
   It protects you from cold.
   It may slow you when you take damage.
 Q - +1 gold dragon scales (worn)
Jewellery
 c - an uncursed ring of protection from cold
 g - a +4 ring of protection (left hand)
 A - an uncursed amulet of magic regeneration
 J - a ring of flight (right hand)
 O - an uncursed ring of protection from fire
Wands
 z - a wand of random effects (30)
 C - a wand of disintegration (19)
Scrolls
 b - a scroll of enchant armour
 e - a scroll of magic mapping
 n - 4 scrolls of teleportation
 p - 2 scrolls of remove curse
 t - 2 scrolls of fog
 u - 2 scrolls of fear {unknown}
 v - 3 scrolls of noise {unknown}
 D - a scroll of amnesia {unknown}
 G - a scroll of immolation {unknown}
 K - a scroll of acquirement {unknown}
 L - a scroll of enchant weapon {unknown}
Potions
 h - a potion of haste
 i - 5 potions of lignification
 j - 2 potions of cancellation
 k - a potion of mutation
 l - a potion of degeneration {unknown}
 o - a potion of attraction {unknown}
 q - 2 potions of berserk rage
 s - 3 potions of flight
 w - a potion of might
 B - 2 potions of resistance
 I - a potion of magic
Books
 F - a manual of Unarmed Combat
Miscellaneous
 M - a lightning rod (4/4)


   Skills:
 * Level 11.1(16.1) Fighting
 * Level 13.6(18.6) Crossbows
 + Level 4.7(9.7) Armour
 + Level 4.0(9.0) Dodging
 + Level 2.0(7.0) Stealth
 + Level 1.3(6.3) Shields
 * Level 5.7 Invocations
 + Level 0.4 Evocations


You had 10 spell levels left.
You didn't know any spells.
Your spell library contained the following spells:

 Spells                   Type           Power        Failure   Level
 Magic Dart               Conj           0%           100%        1
 Summon Small Mammal      Summ           0%           100%        1
 Call Imp                 Summ           0%           100%        2
 Call Canine Familiar     Summ           0%           100%        3
 Summon Guardian Golem    Hex/Summ       0%           100%        3
 Summon Ice Beast         Ice/Summ       0%           100%        4
 Summon Lightning Spire   Summ/Air       0%           100%        4


Dungeon Overview and Level Annotations

Branches:
Dungeon (9/15)             Temple (1/1) D:5          Bailey (visited)
   Lair: D:8-11         Orc: D:9-12

Altars:
Cheibriados
Dithmenos
Elyvilon
Fedhas
Gozag
Hepliaklqana
Kikubaaqudgha
Makhleb
Nemelex Xobeh
Okawaru
Sif Muna
Trog
Uskayaw
Vehumet
Wu Jian
Yredelemnul
Zin
The Shining One
Beogh

Shops:
D:8 [


Innate Abilities, Weirdness & Mutations

You are small and have problems with some larger weapons.
You are completely attuned to the shadows.
You tend to lose your temper in combat.
You can translocate small distances at will.


Message History

You closely miss something.
You hear some strange, mumbled words.
You are confused.
You bump into the rock wall.
You bump into the rock wall.
You feel a strong urge to attack something.
You are no longer berserk.
You are exhausted.
You feel yourself slow down.
Unholy energy fills the air.
* * * LOW HITPOINT WARNING * * *
You miss something. Something hits you.
* * * LOW HITPOINT WARNING * * *
Something bites you but does no damage.
You bump into the rock wall.
Something hits you but does no damage. Something bites you but does no damage.
Something hits you but does no damage. Something bites you but does no damage.
It was a potion of mutation.
You feel extremely strange.
You feel a little pissed off.
You feel jittery. Something hits you.
You die...

##### ########
#.... #......#
#.###
####.####.####....
#@{(.(..#....(....
#.#####.######..#.
#.# *,# #..#. #.#
*,* #.... #.# *,*
*####.## *,*####.*
#....... *,,,...,*
#..(.... ****#.#**
#....)..
###.#####...)∩).


There were no monsters in sight!

Vanquished Creatures
  Harold (D:8)
  A two-headed ogre (D:9)
  A queen ant (D:8)
  An orc knight (Bailey)
  A kobold demonologist (D:9)
  2 trolls (D:9)
  Prince Ribbit (D:8)
  A meliai zombie (D:7)
  Sigmund (D:5)
  4 yaks (D:9)
  2 soldier ants (D:8)
  Duvessa (D:6)
  A phantom (D:8)
  A black bear (D:6)
  6 orc warriors
  4 ice beasts
  2 eyes of draining (D:5)
  4 ogres
  5 centaurs
  2 big kobolds
  3 bullfrogs
  Dowan (D:6)
  2 scorpions
  A wyvern skeleton (D:9)
  A killer bee (D:9)
  7 wights (D:6)
  3 howler monkeys (D:8)
  2 hounds
  2 jellies (D:5)
  4 orc priests
  5 orc wizards
  4 iguanas
  19 worker ants
  A hound skeleton (D:4)
  A gnoll (D:5)
  8 adders
  2 shadow imps
  A white imp (D:6)
  2 ufetubi (D:5)
  An ooze (D:3)
  2 adder skeletons
  An adder zombie (D:9)
  6 worms
  A dart slug (D:1)
  3 leopard geckos
  65 orcs
  8 giant cockroaches
  16 goblins
  9 hobgoblins
  8 jackals
  2 quokkas
  3 ball pythons
  10 bats
  4 frilled lizards
  A jackal skeleton (D:8)
  10 kobolds
  4 rats
  A spectral orc (D:2)
266 creatures vanquished.

Vanquished Creatures (others)
  A plant (D:2)
1 creature vanquished.

Grand Total: 267 creatures vanquished

Notes
Turn   | Place    | Note
-------+----------+-------------------------------------------
     0 | D:1      | robertstho the Kobold Hunter began the quest for the Orb.
     0 | D:1      | Reached XP level 1. HP: 12/12 MP: 1/1
    55 | D:1      | Reached skill level 5 in Crossbows
   240 | D:1      | Reached XP level 2. HP: 17/17 MP: 2/2
   575 | D:1      | Reached XP level 3. HP: 22/22 MP: 3/3
  1117 | D:2      | Reached skill level 6 in Crossbows
  1221 | D:2      | Reached XP level 4. HP: 27/27 MP: 4/4
  1605 | D:2      | Found a basalt altar of Yredelemnul.
  2176 | D:3      | Reached skill level 7 in Crossbows
  2176 | D:3      | Reached XP level 5. HP: 32/32 MP: 5/5
  2213 | D:3      | Found a burning altar of Makhleb.
  2601 | D:3      | Reached XP level 6. HP: 37/37 MP: 6/6
  2671 | D:3      | Found an opulent altar of Gozag.
  3057 | D:4      | Found a snail-covered altar of Cheibriados.
  3316 | D:4      | Found a radiant altar of Vehumet.
  3323 | D:4      | Identified Vehumet's Reference Book on Combat Magic
  3327 | D:4      | Found a shimmering blue altar of Sif Muna.
  3329 | D:4      | Found an ancient bone altar of Kikubaaqudgha.
  3370 | D:4      | Reached skill level 8 in Crossbows
  3540 | D:5      | Entered Level 5 of the Dungeon
  3904 | D:5      | Noticed an ogre
  3909 | D:5      | Killed an ogre
  3910 | D:5      | Reached XP level 7. HP: 42/42 MP: 7/7
  3914 | D:5      | Found a staircase to the Ecumenical Temple.
  3925 | D:5      | Reached skill level 1 in Armour
  3944 | Temple   | Entered the Ecumenical Temple
  4090 | Temple   | Became a worshipper of Warmaster Okawaru
  4207 | D:5      | Reached skill level 9 in Crossbows
  4209 | D:5      | Found a blossoming altar of Fedhas.
  4230 | D:5      | Found a hide-covered altar of Uskayaw.
  4444 | D:5      | Noticed Sigmund
  4451 | D:5      | Killed Sigmund
  4451 | D:5      | Reached * piety under Okawaru
  4452 | D:5      | Reached skill level 1 in Invocations
  4452 | D:5      | Reached XP level 8. HP: 42/48 MP: 8/8
  4592 | D:5      | Reached skill level 5 in Fighting
  4678 | D:5      | Reached skill level 10 in Crossbows
  4753 | D:5      | Found a bloodstained altar of Trog.
  5247 | D:5      | Found a runed translucent door.
  5517 | D:5      | Found a roughly hewn altar of Beogh.
  5612 | D:6      | Reached ** piety under Okawaru
  5648 | D:6      | Found a sparkling altar of Nemelex Xobeh.
  5743 | D:6      | Reached XP level 9. HP: 46/53 MP: 10/10
  6003 | D:6      | Found a hazy altar of Hepliaklqana.
  6014 | D:6      | Found a glowing silver altar of Zin.
  6509 | D:6      | Found a bloodstained altar of Trog.
  6619 | D:6      | Reached skill level 11 in Crossbows
  6678 | D:6      | Noticed Dowan
  6678 | D:6      | Noticed Duvessa
  6693 | D:6      | Killed Duvessa
  6694 | D:6      | Killed Dowan
  8205 | D:8      | Noticed Harold
  8209 | D:8      | Noticed Prince Ribbit
  8527 | D:8      | Reached XP level 10. HP: 63/64 MP: 12/12
  8621 | D:8      | Killed Harold
  8621 | D:8      | Reached *** piety under Okawaru
  8622 | D:8      | Reached skill level 12 in Crossbows
  8669 | D:8      | Killed Prince Ribbit
  8827 | D:8      | Found Gudanlu's Armour Emporium.
  8834 | D:8      | Bought a +1 buckler of reflection for 202 gold pieces
  8850 | D:8      | Found an iron altar of Okawaru.
  9126 | D:8      | Received a gift from Okawaru
  9329 | D:8      | Noticed a queen ant
  9348 | D:8      | Killed a queen ant
  9348 | D:8      | Reached **** piety under Okawaru
  9469 | D:8      | Reached skill level 10 in Fighting
 10231 | D:9      | Reached XP level 11. HP: 70/72 MP: 14/14
 10263 | D:9      | Found a flagged portal.
 10285 | Bailey   | Entered a bailey
 10333 | Bailey   | Reached skill level 5 in Invocations
 10619 | Bailey   | Noticed an orc knight
 10651 | Bailey   | Killed an orc knight
 10651 | Bailey   | Received a gift from Okawaru
 10652 | Bailey   | Reached skill level 13 in Crossbows
 10787 | Bailey   | Got a pair of spiked gloves
 10819 | Bailey   | Identified the cursed -3 pair of gloves "Jaler" {*Slow rC+
                  | Dex+2} (You found it in a bailey)
 11085 | D:9      | Noticed a two-headed ogre
 11098 | D:9      | Killed a two-headed ogre
 11099 | D:9      | Reached skill level 1 in Shields
 11111 | D:9      | Noticed a centaur warrior
 11111 | D:9      | Noticed a wizard
 11111 | D:9      | Noticed a purple ugly thing
 11115 | D:9      | HP: 3/73 [centaur warrior (5)]
 11138 | D:8      | Received a gift from Okawaru
 11652 | D:9      | Received a gift from Okawaru
 11867 | D:9      | Identified the cursed +1 ring mail of the Marlin {Str+4
                  | Dex+3 Slay+3}
 12108 | D:9      | HP: 2/74 [something (5)]
 12110 | D:9      | Gained mutation: You tend to lose your temper in combat.
                  | [potion of mutation]
 12110 | D:9      | Gained mutation: You can translocate small distances at
                  | will. [potion of mutation]
 12110 | D:9      | Slain by a vampire

Illustrated notes

Levels and vault maps discovered:
D:1:      wheals_arrival_shading, layout_basic
D:2:      layout_basic, yredelemnul_forgotten_temple_becter, serial_forest,
          infiniplex_forest_end_1, infiniplex_forest_corner_1,
          infiniplex_forest_clump_tiny, infiniplex_forest_lined_room_2,
          infiniplex_forest_lined_1, infiniplex_forest_straight_1
D:3:      layout_basic, makhleb_heckhound_becter,
          nicolae_gozag_cash_rules_everything_around_me
D:4:      layout_loops_ring, grunt_temple_overflow_magic_moments,
          cheibriados_altar_1
D:5:      layout_loops_ring, grunt_temple_overflow_open, trog_eyes_of_draining,
          minmay_temple_entry_mini_moons, roderic_lattice_a,
          lightli_church_of_beogh, uniq_sigmund
D:6:      layout_loops_cross, lemuel_doored_altar,
          amethyst_overflow_temple_binary, trog_hazing_becter, uniq_duvessa
D:7:      layout_gridville, kennysheep_generic_room_14
D:8:      layout_rooms, basic_altar, serial_shops, shop_fountains,
          minmay_stone_trees_small, kennysheep_another_room,
          minmay_another_anthill, uniq_harold, uniq_prince_ribbit1
D:9:      minmay_the_grid_octo_triangle [minmay_the_grid_octo_clover_2,
          minmay_the_grid_octo_prize_big_c, minmay_the_grid_octo_chip],
          layout_loops_cross, nicolae_ru_awakened_eye, enter_bailey_2
Temple:   jpeg_temple_island

Skill      XL: |  1  2  3  4  5  6  7  8  9 10 11 |
---------------+----------------------------------+-----
Crossbows      | 5 6 7 8 9 10 11 12 13 | 13.6
Fighting       | 3 4 6 8 10 11 | 11.1
Armour         | 1 2 3 4 |  4.7
Invocations    | 1 2 3 4 5 |  5.7
Dodging        | 3 4 |  4.0
Stealth        | 2 |  2.0
Shields        | 1 |  1.3
Evocations     | |  0.4

Action                   |  1- 3 |  4- 6 |  7- 9 | 10-12 || total
-------------------------+-------+-------+-------+-------++-------
Melee: Short sword       |       |       |       |    34 ||    34
 Fire: Hand crossbow     |    51 |   147 |   365 |   467 ||  1030
Invok: Heroism           |       |       |     3 |    10 ||    13
 Abil: Evoke Flight      |       |       |       |     1 ||     1
  Use: Potion            |       |     2 |     2 |     7 ||    11
       Scroll            |       |       |     8 |     8 ||    16
Armor: Leather armour    |     3 |     9 |       |       ||    12
       Chain mail        |       |     4 |   126 |   105 ||   235
       Gold dragon scale |       |       |       |   155 ||   155
Dodge: Dodged            |    11 |    32 |    93 |    95 ||   231
Block: Buckler           |       |       |       |    93 ||    93
       Reflection        |       |       |       |     2 ||     2

Table legend: (Time is in decaauts)
 A = Elapsed time spent in this place.
 B = Non-inter-level travel time spent in this place.
 C = Inter-level travel time spent in this place.
 D = Time resting spent in this place.
 E = Time spent auto-exploring this place.
 F = Levels seen in this place.
 G = Mean time per level.
                   A        B        C        D        E       F      G
               +--------+--------+--------+--------+--------+-----+--------+
         Total |  12123 |  11622 |    501 |   1023 |   8416 |  11 | 1102.1 |
       Dungeon |  11197 |  10722 |    475 |   1023 |   7858 |   9 | 1244.1 |
        Temple |    181 |    155 |     26 |      0 |    151 |   1 |  181.0 |
        Bailey |    744 |    744 |      0 |      0 |    407 |   1 |  744.0 |
               +--------+--------+--------+--------+--------+-----+--------+

Top non-repeatable levels by time:
     D:8: 1970 daAuts
     D:5: 1711 daAuts
     D:7: 1512 daAuts
     D:6: 1307 daAuts
     D:3: 1044 daAuts
     D:1: 1020 daAuts
     D:2: 975 daAuts
     D:9: 952 daAuts
  Bailey: 744 daAuts
     D:4: 701 daAuts
  Temple: 181 daAuts
